RL
PUHI DOLPHINS @ ROCKY MOUNTAIN OYSTERS
09/08/2059
 
TOP OF THE 1ST
Puhi Dolphins batting - Pitching for Rocky Mountain Oysters : RHP Brian White
Pitching: RHP Brian White
Batting: RHB Cole Perkins 0-0: Ball
1-0: Swinging Strike
1-1: Ball
2-1: DOUBLE (Groundball, 5L, EV 94.4 MPH)
Batting: RHB Jonathan Hooper 0-0: Fly out, F8 (Flyball, 78D, EV 99.4 MPH)
Batting: RHB Randy Boyd 0-0: Ball
1-0: Ball
2-0: Foul Ball, location: 2F
2-1: Called Strike
2-2: Foul Ball, location: 2F
2-2: Strikes out swinging
Batting: LHB Dwayne Bushell 0-0: Called Strike
0-1: Ball
1-1: Foul Ball, location: 2F
1-2: Ball
2-2: Ball
3-2: Strikes out looking
Top of the 1st over - 0 runs, 1 hit, 0 errors, 1 left on base; Puhi 0 - Rocky Mountain 0
BOTTOM OF THE 1ST
Rocky Mountain Oysters batting - Pitching for Puhi Dolphins : LHP Isaak Davila
Pitching: LHP Isaak Davila
Batting: RHB Raven Schimmenti 0-0: Ball
1-0: Swinging Strike
1-1: Swinging Strike
1-2: Strikes out swinging
Batting: RHB Ethen Rigotti 0-0: Ball
1-0: Ball
2-0: Foul Ball, location: 2F
2-1: Swinging Strike
2-2: SINGLE (Line Drive, 8RS, EV 90.6 MPH)
Batting: LHB Louis May 0-0: Fly out, F8 (Line Drive, 8LD, EV 94.4 MPH)
Batting: RHB Landon Bolin 0-0: Called Strike
0-1: Fielders Choice at 2nd, 4-6 (Groundball, 6M, EV 82.5 MPH)
Bottom of the 1st over - 0 runs, 1 hit, 0 errors, 1 left on base; Puhi 0 - Rocky Mountain 0
TOP OF THE 2ND
Puhi Dolphins batting - Pitching for Rocky Mountain Oysters : RHP Brian White
Batting: RHB Kelly Brown 0-0: Called Strike
0-1: Swinging Strike
0-2: Ground out U3 (Groundball, 34D, EV 104.4 MPH)
Batting: LHB Wynton Tierney 0-0: Foul Ball, location: 2F
0-1: Ball
1-1: Ball
2-1: Foul Ball, location: 2F
2-2: Strikes out swinging
Batting: RHB Finley Junk 0-0: Ball
1-0: Swinging Strike
1-1: Ground out 6-3 (Groundball, 6M, EV 101.9 MPH)
Top of the 2nd over - 0 runs, 0 hits, 0 errors, 0 left on base; Puhi 0 - Rocky Mountain 0
BOTTOM OF THE 2ND
Rocky Mountain Oysters batting - Pitching for Puhi Dolphins : LHP Isaak Davila
Batting: RHB Phoenix Meade 0-0: Ball
1-0: Ball
2-0: Called Strike
2-1: Ball
3-1: DOUBLE (Line Drive, 78D, EV 102.5 MPH)
Batting: LHB Sebastien Thompson 0-0: Ball
1-0: Called Strike
1-1: Ball
2-1: Foul Ball, location: 2F
2-2: SINGLE (Popup, 6S, EV 66.9 MPH)
Phoenix Meade to third
Batting: RHB Morrison Suttle 0-0: Called Strike
0-1: Ball
1-1: Called Strike
1-2: Foul Ball, location: 2F
1-2: Ball
2-2: Foul Ball, location: 2F
2-2: Foul Ball, location: 2F
2-2: Ball
3-2: Fly out, F7 (Flyball, 78S, EV 91.2 MPH)
Batting: RHB Grady Williams 0-0: Ball
1-0: Foul Ball, location: 2F
1-1: Fly out, F7 (Flyball, 7LS, EV 90.0 MPH)
Batting: RHB Micheal Tester 0-0: Called Strike
0-1: Ball
1-1: Foul Ball, location: 2F
1-2: Fielders Choice at 2nd, 6-4 (Groundball, 6, EV 86.9 MPH)
Bottom of the 2nd over - 0 runs, 2 hits, 0 errors, 2 left on base; Puhi 0 - Rocky Mountain 0
TOP OF THE 3RD
Puhi Dolphins batting - Pitching for Rocky Mountain Oysters : RHP Brian White
Batting: LHB Colton Clem 0-0: Ball
1-0: Foul Ball, location: 2F
1-1: Called Strike
1-2: Foul Ball, location: 2F
1-2: SOLO HOME RUN (Flyball, 9D, EV 95.0 MPH), Distance : 386 ft
Batting: RHB Quentin Zuber 0-0: Called Strike
0-1: Ball
1-1: Swinging Strike
1-2: SOLO HOME RUN (Flyball, 7D, EV 100.0 MPH), Distance : 371 ft
Batting: RHB Cole Perkins 0-0: DOUBLE (Line Drive, 5D, EV 99.4 MPH)
Batting: RHB Jonathan Hooper 0-0: Ball
1-0: Called Strike
1-1: Called Strike
1-2: Foul Ball, location: 2F
1-2: Ball
2-2: Ground out U3 (Groundball, 34, EV 84.4 MPH)
Cole Perkins to third
Batting: RHB Randy Boyd 0-0: Called Strike
0-1: Swinging Strike
0-2: Ball
1-2: SINGLE (Groundball, 56D, EV 95.6 MPH)
Cole Perkins scores
Batting: LHB Dwayne Bushell 0-0: Ball
1-0: Grounds into double play, 4-6-3 (Groundball, 4, EV 81.9 MPH)
Top of the 3rd over - 3 runs, 4 hits, 0 errors, 0 left on base; Puhi 3 - Rocky Mountain 0
BOTTOM OF THE 3RD
Rocky Mountain Oysters batting - Pitching for Puhi Dolphins : LHP Isaak Davila
Batting: RHB Raven Schimmenti 0-0: Called Strike
0-1: Ball
1-1: Called Strike
1-2: Strikes out swinging
Batting: RHB Ethen Rigotti 0-0: Ball
1-0: Foul Ball, location: 2F
1-1: Swinging Strike
1-2: Ball
2-2: Fly out, F8 (Line Drive, 78D, EV 105.0 MPH)
Batting: LHB Louis May 0-0: Ball
1-0: Fly out, F9 (Flyball, 89M, EV 91.9 MPH)
Bottom of the 3rd over - 0 runs, 0 hits, 0 errors, 0 left on base; Puhi 3 - Rocky Mountain 0
TOP OF THE 4TH
Puhi Dolphins batting - Pitching for Rocky Mountain Oysters : RHP Brian White
Batting: RHB Kelly Brown 0-0: Ball
1-0: Called Strike
1-1: Foul Ball, location: 2F
1-2: Ball
2-2: Foul Ball, location: 2F
2-2: Ball
3-2: Foul Ball, location: 2F
3-2: Foul Ball, location: 2F
3-2: Base on Balls
Batting: LHB Wynton Tierney 0-0: Called Strike
0-1: Ball
1-1: Ball
2-1: Grounds into double play, 4-6-3 (Groundball, 4, EV 104.4 MPH)
Batting: RHB Finley Junk 0-0: Ball
1-0: Ball
2-0: Ball
3-0: Called Strike
3-1: Swinging Strike
3-2: Base on Balls
Batting: LHB Colton Clem 0-0: Called Strike
0-1: Fly out, F8 (Flyball, 89D, EV 91.2 MPH)
Top of the 4th over - 0 runs, 0 hits, 0 errors, 1 left on base; Puhi 3 - Rocky Mountain 0
BOTTOM OF THE 4TH
Rocky Mountain Oysters batting - Pitching for Puhi Dolphins : LHP Isaak Davila
Batting: RHB Landon Bolin 0-0: Ball
1-0: Ball
2-0: Ball
3-0: Base on Balls
Batting: RHB Phoenix Meade 0-0: Called Strike
0-1: DOUBLE (Line Drive, 78D, EV 103.1 MPH)
Landon Bolin to third
Batting: LHB Sebastien Thompson 0-0: Foul Ball, location: 2F
0-1: DOUBLE (Line Drive, 78M, EV 105.6 MPH)
Landon Bolin scores
Phoenix Meade scores
Batting: RHB Morrison Suttle 0-0: Called Strike
0-1: Ball
1-1: Swinging Strike
1-2: Ball
2-2: Ball
3-2: Base on Balls
Batting: RHB Grady Williams 0-0: Ball
1-0: Fielders Choice at 2nd, 5-4 (Groundball, 56, EV 101.2 MPH)
Sebastien Thompson to third
Batting: RHB Micheal Tester 0-0: Called Strike
0-1: Called Strike
0-2: Strikes out swinging
Batting: RHB Raven Schimmenti 0-0: Ball
1-0: SINGLE (Line Drive, 8RS, EV 105.0 MPH)
Sebastien Thompson scores
Grady Williams to second
Batting: RHB Ethen Rigotti 0-0: Ball
1-0: Foul Ball, location: 2F
1-1: Ball
2-1: Ball
3-1: Called Strike
3-2: SINGLE (Groundball, 56D, EV 103.1 MPH)
Grady Williams to third
Raven Schimmenti to second
Grady Williams scores
Raven Schimmenti to third
Batting: LHB Louis May 0-0: Called Strike
0-1: Ball
1-1: Swinging Strike
1-2: Strikes out swinging
Bottom of the 4th over - 4 runs, 4 hits, 0 errors, 2 left on base; Puhi 3 - Rocky Mountain 4
TOP OF THE 5TH
Puhi Dolphins batting - Pitching for Rocky Mountain Oysters : RHP Brian White
Batting: RHB Quentin Zuber 0-0: Called Strike
0-1: Ball
1-1: Ground out 6-3 (Groundball, 6, EV 110.0 MPH)
Batting: RHB Cole Perkins 0-0: Ball
1-0: Foul Ball, location: 2F
1-1: Fly out, F7 (Line Drive, 7, EV 100.0 MPH)
Batting: RHB Jonathan Hooper 0-0: Ball
1-0: Ball
2-0: Called Strike
2-1: Foul Ball, location: 2F
2-2: Foul Ball, location: 2F
2-2: Fly out, F3 (Popup, 3SF, EV 83.8 MPH)
Top of the 5th over - 0 runs, 0 hits, 0 errors, 0 left on base; Puhi 3 - Rocky Mountain 4
BOTTOM OF THE 5TH
Rocky Mountain Oysters batting - Pitching for Puhi Dolphins : LHP Isaak Davila
Batting: RHB Landon Bolin 0-0: Ball
1-0: Called Strike
1-1: Foul Ball, location: 2F
1-2: Fly out, F3 (Flyball, 34D, EV 89.4 MPH)
Batting: RHB Phoenix Meade 0-0: Ball
1-0: Called Strike
1-1: Foul Ball, location: 2F
1-2: Strikes out swinging
Batting: LHB Sebastien Thompson 0-0: Swinging Strike
0-1: Ball
1-1: Called Strike
1-2: Ground out 6-3 (Groundball, 6D, EV 91.2 MPH)
Bottom of the 5th over - 0 runs, 0 hits, 0 errors, 0 left on base; Puhi 3 - Rocky Mountain 4
TOP OF THE 6TH
Puhi Dolphins batting - Pitching for Rocky Mountain Oysters : RHP Brian White
Batting: RHB Randy Boyd 0-0: Called Strike
0-1: Ground out 1-3 (Groundball, 13S, EV 65.0 MPH)
Batting: LHB Dwayne Bushell 0-0: Called Strike
0-1: SINGLE (Groundball, 6S, EV 75.0 MPH) (infield hit)
Batting: RHB Kelly Brown 0-0: Ball
Dwayne Bushell steals 2nd, throwing error, E2
Dwayne Bushell to third
1-0: Fly out, F8 (Flyball, 8LM, EV 82.5 MPH)
Runner from 3rd tags up, OUT at HOME! 8-2
Top of the 6th over - 0 runs, 1 hit, 1 error, 0 left on base; Puhi 3 - Rocky Mountain 4
BOTTOM OF THE 6TH
Rocky Mountain Oysters batting - Pitching for Puhi Dolphins : LHP Isaak Davila
Batting: RHB Morrison Suttle 0-0: DOUBLE (Line Drive, 78D, EV 100.6 MPH)
Batting: RHB Grady Williams 0-0: Ball
1-0: Ball
2-0: Ball
3-0: Called Strike
3-1: Called Strike
3-2: Ground out 5-3 (Groundball, 56, EV 81.9 MPH)
Batting: RHB Micheal Tester 0-0: Called Strike
0-1: Called Strike
0-2: Ball
1-2: Ball
2-2: Strikes out swinging
Batting: RHB Raven Schimmenti 0-0: Ball
1-0: Called Strike
1-1: Swinging Strike
1-2: Strikes out swinging
Bottom of the 6th over - 0 runs, 1 hit, 0 errors, 1 left on base; Puhi 3 - Rocky Mountain 4
TOP OF THE 7TH
Puhi Dolphins batting - Pitching for Rocky Mountain Oysters : RHP Brian White
Batting: LHB Wynton Tierney 0-0: Foul Ball, location: 2F
0-1: Foul Ball, location: 2F
0-2: Ball
1-2: Foul Ball, location: 2F
1-2: Hit by Pitch
Batting: RHB Finley Junk 0-0: Bunt missed!
0-1: Sac Bunt to 15 - play at first, batter OUT! 1-3
Wynton Tierney to second
Batting: LHB Colton Clem 0-0: Ball
1-0: Foul Ball, location: 2F
1-1: Ball
2-1: Ground out U3 (Groundball, 3, EV 104.4 MPH)
Wynton Tierney to third
Pinch Hitting: SHB Nathaniel Cossey 0-0: Ground out U3 (Groundball, 34, EV 88.8 MPH)
Top of the 7th over - 0 runs, 0 hits, 0 errors, 1 left on base; Puhi 3 - Rocky Mountain 4
BOTTOM OF THE 7TH
Rocky Mountain Oysters batting - Pitching for Puhi Dolphins : LHP Isaak Davila
Pitching: LHP Elon Chalupka
Now at 2B: Nathaniel Cossey
Batting: RHB Ethen Rigotti 0-0: Fly out, F6 (Line Drive, 56D, EV 68.1 MPH)
Batting: LHB Louis May 0-0: Ball
1-0: Foul Ball, location: 2F
1-1: Ball
2-1: Swinging Strike
2-2: Ball
3-2: Base on Balls
Batting: RHB Landon Bolin 0-0: Ball
1-0: Foul Ball, location: 2F
1-1: Ball
2-1: Ball
3-1: Foul Ball, location: 2F
3-2: Base on Balls
Louis May to second
Batting: RHB Phoenix Meade 0-0: Ball
1-0: Ball
2-0: Fly out, F6 (Flyball, 6MD, EV 88.8 MPH)
Batting: LHB Sebastien Thompson 0-0: Called Strike
0-1: Ball
1-1: Ball
2-1: Ball
3-1: Foul Ball, location: 2F
3-2: Foul Ball, location: 2F
3-2: Foul Ball, location: 2F
3-2: Foul Ball, location: 2F
3-2: DOUBLE (Flyball, 89XD, EV 96.2 MPH)
Louis May scores
Landon Bolin to third
Landon Bolin scores
Batting: RHB Morrison Suttle 0-0: Swinging Strike
0-1: Foul Ball, location: 2F
0-2: Foul Ball, location: 2F
0-2: Ground out 6-3 (Groundball, 56, EV 108.8 MPH)
Bottom of the 7th over - 2 runs, 1 hit, 0 errors, 1 left on base; Puhi 3 - Rocky Mountain 6
TOP OF THE 8TH
Puhi Dolphins batting - Pitching for Rocky Mountain Oysters : RHP Brian White
Batting: RHB Cole Perkins 0-0: Called Strike
0-1: Ball
1-1: Swinging Strike
1-2: Ball
2-2: Ball
3-2: Foul Ball, location: 2F
3-2: Strikes out swinging
Pitching: LHP Oscar LaJoie
Batting: RHB Jonathan Hooper 0-0: Ball
1-0: Ball
2-0: Reaches on Catchers interference
Batting: RHB Randy Boyd 0-0: Ball
1-0: Ball
2-0: Ball
3-0: Called Strike
3-1: Swinging Strike
3-2: Strikes out swinging
Batting: LHB Dwayne Bushell 0-0: DOUBLE (Line Drive, 9LM, EV 112.5 MPH)
Jonathan Hooper to third
Batting: RHB Kelly Brown 0-0: Ground out 6-3 (Groundball, 6, EV 78.8 MPH)
Top of the 8th over - 0 runs, 1 hit, 1 error, 2 left on base; Puhi 3 - Rocky Mountain 6
BOTTOM OF THE 8TH
Rocky Mountain Oysters batting - Pitching for Puhi Dolphins : LHP Elon Chalupka
Batting: RHB Grady Williams 0-0: Ball
1-0: Called Strike
1-1: Foul Ball, location: 2F
1-2: Ball
2-2: Foul Ball, location: 2F
2-2: Foul Ball, location: 2F
2-2: Ball
3-2: Ground out 6-3 (Groundball, 6, EV 81.9 MPH)
Batting: RHB Micheal Tester 0-0: Foul Ball, location: 2F
0-1: Ball
1-1: Ball
2-1: Ground out 5-3 (Groundball, 56, EV 87.5 MPH)
Batting: RHB Raven Schimmenti 0-0: Called Strike
0-1: Ball
1-1: Foul Ball, location: 2F
1-2: Strikes out swinging, 2-3 out at first.
Bottom of the 8th over - 0 runs, 0 hits, 0 errors, 0 left on base; Puhi 3 - Rocky Mountain 6
TOP OF THE 9TH
Puhi Dolphins batting - Pitching for Rocky Mountain Oysters : LHP Oscar LaJoie
Batting: LHB Wynton Tierney 0-0: Foul Ball, location: 2F
0-1: Ball
1-1: Foul Ball, location: 2F
1-2: Foul Ball, location: 2F
1-2: SINGLE (Groundball, 34D, EV 108.8 MPH)
Batting: RHB Finley Junk 0-0: Ball
1-0: Fielders Choice at 2nd, 2-6 (Groundball, 13S, EV 71.9 MPH)
Batting: RHB Donovan Ritter 0-0: Fly out, F8 (Flyball, 89XD, EV 105.6 MPH)
Batting: SHB Nathaniel Cossey 0-0: Ball
1-0: Ball
2-0: Ball
3-0: Called Strike
3-1: Foul Ball, location: 2F
3-2: Ground out 1-3 (Groundball, 13S, EV 70.0 MPH)
Top of the 9th over - 0 runs, 1 hit, 0 errors, 1 left on base; Puhi 3 - Rocky Mountain 6
Sunday, March 31st , 2024 - OOTP Baseball 23.10 Build 110